 Dungeon Crawl Stone Soup version 0.20.1-1-g8b1a95d (webtiles) character file.

5790 Iscandelvey the Severer (level 10, -11/83 HPs)
             Began as a Hill Orc Fighter on Dec 10, 2017.
             Was an Initiate of Gozag.
             Mangled by a cyan ugly thing (14 damage)
             ... on level 9 of the Dungeon.
             The game lasted 00:57:07 (10133 turns).

Iscandelvey the Severer (Hill Orc Fighter)         Turns: 10133, Time: 00:57:08

Health: -11/83     AC: 29    Str: 20    XL:     10   Next: 79%
Magic:  10/10      EV: 11    Int:  8    God:    Gozag
Gold:   1246       SH: 10    Dex: 18    Spells: 9/9 levels left

rFire    . . .     SeeInvis .   I - +0 hand axe (curse)
rCold    . . .     Gourm    .   c - +0 shield
rNeg     . . .     Faith    .   b - +13 chain mail of the Beggar {Regen+}
rPois    .         Spirit   .   m - +0 helmet
rElec    .         Reflect  .   s - scarf {cloud immunity}
rCorr    .         Harm     .   (no gloves)
MR       .....                  Y - +2 pair of boots
Stlth    ..........             (no amulet)
Regen    0.7/turn               l - +1 ring of evasion
MPRegen  0.2/turn               p - +2 ring of protection

@: agile
A: no striking features
a: Potion Petition, Call Merchant, Bribe Branch, Renounce Religion


You were on level 9 of the Dungeon.
You worshipped Gozag.
Gozag was most pleased with you.
You were not hungry.

You visited 2 branches of the dungeon, and saw 10 of its levels.
You also visited: Sewer.

You collected 1504 gold pieces.
You spent 182 gold pieces at shops.
You paid 76 gold pieces to Gozag.

Inventory:

Hand Weapons
 I - a cursed +0 hand axe (weapon)
 N - the cursed +2 quarterstaff of the Original Sin {freeze, Str+2, unknown}
   (You found it in a sewer)

   It has been specially enchanted to freeze those struck by it, causing extra
   injury to most foes and up to half again as much damage against particularly
   susceptible opponents.
   It can also slow down cold-blooded creatures.
   It affects your strength (+2).
   It has a curse placed upon it.
 U - a +1 battleaxe
Missiles
 u - 13 tomahawks (quivered)
Armour
 b - the +13 chain mail of the Beggar (worn) {Regen+}
   (You found it on level 8 of the Dungeon)

   It increases your rate of regeneration.
 c - a +0 shield (worn)
 m - a +0 helmet (worn)
 q - a +0 cloak
 s - a scarf of cloud immunity (worn)
 Q - the +1 scale mail of Immorality {rF+}
   (You found it on level 6 of the Dungeon)

   It protects you from fire.
 Y - a +2 pair of boots (worn)
Magical Staves
 x - an uncursed staff of death {unknown}
Jewellery
 l - a +1 ring of evasion (left hand)
 p - a +2 ring of protection (right hand)
 t - an uncursed ring of poison resistance
 Z - an uncursed amulet of faith
Wands
 a - a wand of random effects (20/48)
Scrolls
 e - 5 scrolls of enchant armour {unknown}
 i - 6 scrolls of noise {unknown}
 k - 3 scrolls of teleportation {unknown}
 n - 10 scrolls of identify {unknown}
 o - 7 scrolls of remove curse {unknown}
 C - a scroll of immolation {unknown}
 E - 4 scrolls of magic mapping {unknown}
 F - 3 scrolls of amnesia {unknown}
 G - a scroll of random uselessness {unknown}
 L - a scroll of vulnerability {unknown}
 S - a scroll of brand weapon {unknown}
 T - a scroll of fear {unknown}
 V - a scroll of recharging {unknown}
Potions
 d - a potion of might
 r - 4 potions of lignification
 v - a potion of haste {unknown}
 z - a potion of mutation {unknown}
 A - a potion of heal wounds {unknown}
 D - a potion of brilliance {unknown}
 H - a potion of flight {unknown}
 K - 2 potions of invisibility {unknown}
 O - a potion of berserk rage {unknown}
 P - a potion of cancellation {unknown}
 X - 2 potions of resistance {unknown}
Books
 y - a book of Cantrips

   Spells                             Type                      Level
   a - Confusing Touch                Hexes                        1
   b - Animate Skeleton               Necromancy                   1
   c - Summon Small Mammal            Summoning                    1
   d - Apportation                    Translocation                1
 M - a book of Power

   Spells                             Type                      Level
   a - Iskenderun's Battlesphere      Conjuration/Charms           5
   b - Venom Bolt                     Conjuration/Poison           5
   c - Bolt of Magma                  Conjuration/Fire/Earth       5
   d - Iron Shot                      Conjuration/Earth            6
   e - Orb of Destruction             Conjuration                  7
   f - Spellforged Servitor           Conjuration/Summoning        7
Comestibles
 f - 5 bread rations
 g - 8 meat rations
 h - 5 royal jellies
 R - a fruit


   Skills:
 * Level 6.1 Fighting
 * Level 17.6 Axes
 - Level 0.3 Throwing
 * Level 5.6 Armour
 - Level 0.4 Dodging
 - Level 3.4 Shields


You had 9 spell levels left.
You didn't know any spells.

Dungeon Overview and Level Annotations

Branches:
Dungeon (9/15)             Temple (0/1) D:5            Lair (1/6) D:8
    Orc: D:9-12

Altars:
Dithmenos
Elyvilon
Gozag
Hepliaklqana
Nemelex Xobeh
Qazlal
Ru
Vehumet
Zin
The Shining One

Shops:
D:6 %

Annotations:
D:7 Statics's ghost, novice DsTm


Message History

The cyan ugly thing is severely wounded.
Your shield and chain mail of the Beggar prevent you from hitting the cyan ugly thing.
You feel sick.
The cyan ugly thing tail-slaps you but does no damage.
The cyan ugly thing stings you. The cyan ugly thing shocks you!
* * * LOW HITPOINT WARNING * * *
You feel better.
The cyan ugly thing basks in the mutagenic energy from its kin and changes!
The cyan ugly thing stings you!
* * * LOW HITPOINT WARNING * * *
The cyan ugly thing shocks you!
* * * LOW HITPOINT WARNING * * *
Quiver which item? (- for none, * to show all) (? for menu, Esc to quit)
Okay, then.
You feel agile all of a sudden. The cyan ugly thing stings you.
* * * LOW HITPOINT WARNING * * *
The cyan ugly thing shocks you!
You die...
Your body crumbles into a pile of gold.

#.#..###...#######...
#.#.#..###.......##.#
#.#.###..###.....##.##.
#.#.#$###..###........#
#.#...eO###..###....##.
#.#.#$###....$.###...#.
#.#.###....##$#..###...
#.#.#u...####)###..###.
#.#..u@### #.#!###..##
#.#..### #((...# #..
#.###..# #.#(###....
#.###...###..##
#.###....#.
#........###..##.#....#
#.
.......####...###......#
.. ..#.#..
#..#...##'..### #. #....
#.####)..#### #. ยงยง.#(
... ##....### #.


You could see 2 ugly things, a two-headed ogre and a deep elf mage.

Vanquished Creatures
  Pikel (D:6)
  A hippogriff (D:9)
  4 yaks (D:9)
  2 hungry ghosts
  Menkaure (D:5)
  Duvessa (D:5)
  2 water moccasins (Lair:1)
  Purgy (Sewer)
  An orc warrior (D:7)
  4 ice beasts
  A black bear (D:7)
  A hornet zombie (D:9)
  4 ogres
  4 centaurs
  A crocodile (Lair:1)
  A big kobold (D:7)
  4 bullfrogs
  2 scorpions
  A water moccasin zombie (D:9)
  Dowan (D:5)
  5 killer bees (D:7)
  5 wights
  A howler monkey (D:5)
  A vampire bat (D:5)
  An electric eel (Lair:1)
  5 crimson imps
  5 jellies
  2 centaur zombies
  A quasit (D:5)
  A wyvern simulacrum (D:9)
  An orc priest (D:3)
  2 bullfrog skeletons
  Jessica (D:2)
  10 orc wizards
  An iguana (D:9)
  4 worker ants
  A killer bee zombie (D:7)
  8 adders
  3 gnolls
  2 shadow imps
  2 oozes
  3 adder skeletons
  2 worms
  3 fire bats (D:5)
  3 leopard geckos
  26 orcs
  2 spectral bats (D:5)
  3 bat skeletons (D:5)
  A bat zombie (D:5)
  6 giant cockroaches
  6 goblins
  11 hobgoblins
  6 jackals
  2 quokkas
  4 ball pythons
  24 bats
  A bat simulacrum (D:5)
  7 frilled lizards
  13 kobolds
  A leopard gecko zombie (D:5)
  5 rats
229 creatures vanquished.

Vanquished Creatures (others)
  An orc wizard (D:5)
  An adder (D:6)
  A giant cockroach (D:6)
3 creatures vanquished.

Grand Total: 232 creatures vanquished

Notes
Turn   | Place    | Note
-------+----------+-------------------------------------------
     0 | D:1      | Iscandelvey the Hill Orc Fighter began the quest for the Orb.
     0 | D:1      | Reached XP level 1. HP: 19/19 MP: 1/1
    39 | D:1      | Reached skill level 3 in Axes
    86 | D:1      | Reached XP level 2. HP: 11/27 MP: 2/2
   496 | D:1      | Reached XP level 3. HP: 33/33 MP: 3/3
   822 | D:2      | Reached skill level 4 in Axes
  1165 | D:2      | Noticed Jessica
  1196 | D:2      | Killed Jessica
  1196 | D:2      | Reached skill level 5 in Axes
  1196 | D:2      | Reached XP level 4. HP: 8/40 MP: 4/4
  1737 | D:3      | Reached XP level 5. HP: 46/46 MP: 5/5
  1849 | D:3      | Found a stormy altar of Qazlal.
  1899 | D:3      | Reached skill level 6 in Axes
  2207 | D:3      | Reached skill level 7 in Axes
  2323 | D:3      | Reached XP level 6. HP: 52/52 MP: 6/6
  2945 | D:4      | Reached skill level 8 in Axes
  3281 | D:4      | Found an opulent altar of Gozag.
  3617 | D:5      | Entered Level 5 of the Dungeon
  3618 | D:5      | Noticed Menkaure
  3774 | D:5      | Killed Menkaure
  3774 | D:5      | Reached skill level 9 in Axes
  3774 | D:5      | Reached XP level 7. HP: 22/58 MP: 7/7
  4106 | D:5      | Noticed Duvessa
  4111 | D:5      | Noticed Dowan
  4117 | D:5      | Reached skill level 10 in Axes
  4140 | D:5      | Killed Duvessa
  4147 | D:5      | Found a staircase to the Ecumenical Temple.
  4169 | D:5      | Killed Dowan
  4538 | D:5      | Reached skill level 11 in Axes
  4538 | D:5      | Reached XP level 8. HP: 36/66 MP: 8/8
  4896 | D:4      | Became a worshipper of Gozag Ym Sagoz the Greedy
  4929 | D:5      | Reached skill level 12 in Axes
  5510 | D:5      | Reached skill level 13 in Axes
  5555 | D:5      | Found a sparkling altar of Nemelex Xobeh.
  5961 | D:6      | Found a sacrificial altar of Ru.
  5966 | D:6      | Found a hazy altar of Hepliaklqana.
  6208 | D:6      | Noticed Pikel
  6238 | D:6      | Killed Pikel
  6238 | D:6      | Reached skill level 14 in Axes
  6238 | D:6      | Reached XP level 9. HP: 51/71 MP: 9/9
  6277 | D:6      | Found a glowing drain.
  6290 | Sewer    | Entered a sewer
  6528 | Sewer    | Noticed Purgy
  6549 | Sewer    | Killed Purgy
  6589 | Sewer    | Got a dazzling quarterstaff
  6786 | D:6      | Got a shimmering scale mail
  6797 | D:6      | Identified the +1 scale mail of Immorality {rF+} (You found it on level 6 of the Dungeon)
  6827 | D:6      | Found Jyssoux's Food Emporium.
  6830 | D:6      | Bought a royal jelly for 26 gold pieces
  6830 | D:6      | Bought a bread ration for 65 gold pieces
  6830 | D:6      | Bought 2 fruits for 39 gold pieces
  6830 | D:6      | Bought a royal jelly for 26 gold pieces
  6830 | D:6      | Bought a royal jelly for 26 gold pieces
  6839 | D:6      | Found a shadowy altar of Dithmenos.
  7157 | D:7      | Reached skill level 15 in Axes
  7363 | D:7      | Noticed Statics's ghost (novice DsTm)
  7692 | D:7      | Reached skill level 16 in Axes
  8317 | D:7      | Reached XP level 10. HP: 75/78 MP: 10/10
  8929 | D:8      | Found a radiant altar of Vehumet.
  8945 | D:8      | Reached skill level 17 in Axes
  8948 | D:8      | Found a staircase to the Lair.
  9128 | D:8      | Got a crude chain mail
  9140 | D:8      | Identified the +13 chain mail of the Beggar {Regen+} (You found it on level 8 of the Dungeon)
  9421 | Lair:1   | Entered Level 1 of the Lair of Beasts
  9662 | D:9      | Found a glowing golden altar of the Shining One.
  9662 | D:9      | Found a glowing silver altar of Zin.
  9663 | D:9      | Found a white marble altar of Elyvilon.
  9744 | D:9      | Reached skill level 5 in Fighting
  9780 | D:9      | Reached skill level 5 in Armour
  9990 | D:9      | Noticed a two-headed ogre
  9993 | D:9      | Noticed a deep elf mage
 10046 | D:9      | Noticed a white ugly thing
 10046 | D:9      | Noticed a green ugly thing
 10133 | D:9      | HP: 3/83 [cyan ugly thing (2)]
 10133 | D:9      | Mangled by a cyan ugly thing

Skill      XL: |  1  2  3  4  5  6  7  8  9 10 |
---------------+-------------------------------+-----
Axes           | 3 5 7 9 11 14 16 17 | 17.6
Fighting       | 6 |  6.1
Armour         | 5 |  5.6
Throwing       | |  0.3
Dodging        | |  0.4
Shields        | |  3.4

Action                   |  1- 3 |  4- 6 |  7- 9 | 10-12 || total
-------------------------+-------+-------+-------+-------++-------
Melee: War axe           |   123 |   177 |   207 |       ||   507
       Hand axe          |       |       |   364 |   380 ||   744
Throw: Tomahawk          |       |     1 |     4 |       ||     5
  Use: Potion            |       |     1 |     2 |     2 ||     5
 Stab: Distracted        |       |       |     2 |     1 ||     3
  Eat: Chunk             |     1 |     7 |     5 |       ||    13
       Fruit             |       |       |     4 |       ||     4
       Meat ration       |       |       |     1 |     2 ||     3
       Royal jelly       |       |       |     2 |     2 ||     4
       Bread ration      |       |       |       |     1 ||     1
Armor: Scale mail        |   100 |    87 |   279 |    16 ||   482
       Skin              |       |       |    10 |       ||    10
       Chain mail        |       |       |       |   143 ||   143
Dodge: Dodged            |    60 |    46 |   177 |    55 ||   338
Block: Shield            |    94 |    80 |   243 |   117 ||   534
